Map: 星軌船廠

Players

Rose (Python) - Winner!

  • Race: Zerg Zerg
  • League: Grandmaster

Rex

  • Race: Zerg Zerg
  • League: Grandmaster

Event: 2016 WCS Winter Challenger Taiwan

VOD

Have the link to the VOD?

Description

Time

  • Played on: Jan. 15, 2016, 7:13 a.m.
  • Length: 5:55

All games in this series

Show
View Real Time Build Order
Export as new Build Order

Rose Zerg - Winner!

Build Orders: Hatch First, Zergling Baneling 

Get SALT Encoding   

  12  0:00  Drone  
  13  0:08  Drone  
  14  0:17  Overlord  
  14  0:22  Extractor  
  14  0:23  Drone  
  16  0:35  Drone  
  16  0:36  Drone  
  17  0:55  Drone, Hatchery  
  17  1:09  Extractor  
  17  1:10  Spawning Pool  
  15  1:12  Drone  
  17  1:18  Drone  
  17  1:20  Drone  
  18  1:28  Drone  
  19  1:40  Overlord  
  19  1:56  Queen  
  19  1:57  Zergling x2  
  19  2:00  Drone  
  23  2:07  Queen  
  23  2:08  Drone  
  26  2:11  Metabolic Boost, Drone  
  27  2:18  Drone  
  27  2:22  Drone  
  29  2:27  Spine Crawler  
  28  2:32  Baneling Nest  
  28  2:35  Zergling x4  
  29  2:41  Zergling x2  
  30  2:48  Zergling x2  
  30  2:58  Zergling x4  
  26  3:14  Drone x2  
  26  3:17  Baneling  
  26  3:18  Baneling x2  
  26  3:19  Baneling  
  28  3:25  Zergling x8  
  32  3:32  Zergling x4  
  34  3:41  Spine Crawler  
  31  3:53  Baneling  
  31  3:55  Zergling x6  
  32  4:00  Zergling x4  
  33  4:07  Baneling x2  
  32  4:11  Drone x3  
  35  4:18  Drone  
  35  4:23  Overlord  
  36  4:34  Overlord  
  35  4:48  Drone x3  
  35  4:49  Overlord, Drone  
  35  4:50  Drone  
  40  4:54  Baneling x2  
  38  5:04  Baneling x2  
  38  5:07  Drone x3  
  38  5:11  Drone  
  42  5:15  Extractor  
  42  5:16  Baneling  
  39  5:25  Zergling x6  
  39  5:26  Zergling x4  
Show
View Real Time Build Order
Export as new Build Order

Rex Zerg 

Build Orders: Pool Only, Zergling Baneling 

Get SALT Encoding   

  12  0:01  Drone  
  13  0:08  Extractor  
  13  0:12  Drone  
  13  0:17  Drone  
  14  0:34  Spawning Pool  
  13  0:38  Drone  
  14  0:48  Overlord  
  14  0:52  Extractor  
  14  0:55  Drone  
  15  1:21  Zergling x6  
  15  1:22  Metabolic Boost  
  19  1:32  Zergling x2  
  19  1:33  Baneling Nest  
  18  1:43  Queen  
  20  1:49  Zergling x2  
  21  1:55  Zergling x2  
  22  2:04  Overlord  
  22  2:17  Extractor, Baneling x4  
  22  2:18  Zergling x2  
  23  2:29  Zergling x2  
  24  2:45  Zergling x2  
  24  2:50  Zergling x2  
  26  2:58  Zergling x2  
  23  3:14  Zergling x6  
  25  3:24  Baneling  
  25  3:25  Baneling x2  
  25  3:26  Baneling x3  
  25  3:27  Zergling x2  
  26  3:36  Zergling x2  
  26  3:54  Zergling x2  
  26  3:55  Zergling x2  
  26  4:02  Zergling x4  
  25  4:11  Zergling x2  
  25  4:15  Zergling x2  
  27  4:18  Zergling x4, Baneling x2  
  27  4:21  Baneling  
  27  4:22  Baneling  
  27  4:23  Zergling x2  
  30  4:30  Baneling x4  
  30  4:35  Overlord  
  25  5:06  Zergling x6  
  26  5:10  Baneling x4  
  26  5:13  Zergling x4  
  28  5:17  Zergling x4  
  29  5:28  Zergling x2  
Tags
 
Add a new tag
Caveats
  • Supply blocks, unpowered buildings, or Contaminate may cause inaccurate times.
  • Supply counts are checked every 10 seconds.